AoeStats
← Santi Povs

Black Forest

509992411Analyzed
4v4 RM · 4d ago on Sep 28, 2026· 40m 19s· 8 players
Game mode
Random Map
Map size
Large (8 player)
Population
200
Speed
Normal
Resources
Standard
Victory
Conquest
Starting age
Dark Age
Ending age
Imperial Age
RankedLock teamsTeams togetherTeam positionsShared explorationLock speedFull tech treeHidden civsTurbo modeCheats
Victory
Defeat
🇨🇴 Varangians · Colombia
966
+14
🇨🇴 Saxons · Colombia
922
+16
🇨🇴 Romans · Colombia
874
+17
🇨🇦 Aztecs · Canada
866
+17
🇨🇴 Spanish · Colombia
950
-18
🇧🇷 Gurjaras · Brazil
917
-16
🇦🇷 Koreans · Argentina
893
-15
🇺🇸 Mongols · United States
887
-15
Fuller THE MONSTER
13:08 Feudal Age
13:35 Double-Bit Axe
13:32 Horse Collar
13:56 Gold Mining
13:57 Stone Mining
18:48 Castle Age
18:35 Forging
18:32 Scale Barding Armor
19:41 Bloodlines
19:35 Scale Mail Armor
20:09 Bow Saw
22:29 Wheelbarrow
21:40 Loom
23:36 Chain Mail Armor
25:27 Kshatriyas
28:14 Gold Shaft Mining
29:14 Stone Shaft Mining
31:55 Iron Casting
31:09 Arson
Jhoan17
8:11 Loom
10:39 Feudal Age
15:19 Castle Age
14:34 Double-Bit Axe
16:34 Bow Saw
24:58 Horse Collar
26:00 Heavy Plow
26:49 Gold Mining
28:01 Wheelbarrow
29:51 Scale Barding Armor
29:53 Padded Archer Armor
29:59 Scale Barding Armor
31:08 Hand Cart
31:05 Stone Mining
35:41 Imperial Age
33:22 Husbandry
33:32 Bloodlines
34:10 Fletching
又菜又爱玩
0:27 Loom
12:44 Feudal Age
14:42 Double-Bit Axe
18:37 Castle Age
19:55 Bow Saw
20:37 Wheelbarrow
21:58 Fervor
24:06 Fishing Lines
24:51 Horse Collar
27:03 Heavy Plow
29:03 Fletching
29:13 Padded Archer Armor
29:45 Hand Cart
30:24 Bodkin Arrow
30:45 Leather Archer Armor
32:09 Ballistics
34:39 Imperial Age
33:58 Scale Barding Armor
35:03 Chain Barding Armor
36:22 Chemistry
35:26 Husbandry
35:37 Bloodlines
35:38 Bracer
36:11 Conscription
36:04 Scale Mail Armor
36:17 Forging
36:53 Nomads
37:50 Conscription
36:51 Elite Mangudai
38:25 Iron Casting
normanxavier454
1:18 Loom
10:39 Feudal Age
12:49 Double-Bit Axe
17:13 Wheelbarrow
16:40 Fletching
20:35 Castle Age
18:57 Horse Collar
21:18 Bodkin Arrow
28:46 Crossbowman
31:54 Pikeman
Coffee Bean
0:45 Loom
12:00 Feudal Age
12:36 Horse Collar
12:45 Double-Bit Axe
19:02 Castle Age
18:06 Stone Mining
19:59 Wheelbarrow
21:36 Heavy Plow
24:24 Gold Mining
25:05 Treadmill Crane
25:36 Fortified Wall
27:39 Coinage
27:57 Gold Shaft Mining
30:51 Imperial Age
28:56 Hand Cart
28:42 Town Watch
29:35 Stone Shaft Mining
29:19 Bow Saw
30:03 Coinage
31:51 Squires
32:23 Banking
32:17 Fletching
32:27 Padded Archer Armor
33:13 Bodkin Arrow
34:24 Leather Archer Armor
34:14 Atlatl
35:02 Ballistics
35:43 Chemistry
34:18 Elite Skirmisher
35:52 Conscription
35:36 Bracer
Santi Povs
10:53 Feudal Age
14:38 Castle Age
12:30 Horse Collar
14:23 Double-Bit Axe
15:38 Forging
15:23 Loom
19:23 Squires
22:14 Husbandry
23:01 Scale Barding Armor
24:47 Iron Casting
26:14 Wheelbarrow
27:24 Chain Barding Armor
27:04 Gold Mining
28:09 Hand Cart
27:42 Town Watch
31:07 Bloodlines
36:07 Imperial Age
34:15 Stone Mining
36:25 Capped Ram
36:35 Elite Varangian Guard
36:37 Cavalier
36:42 Pikeman
36:44 Heavy Scorpion
38:18 Siege Ram
El Ogro
0:35 Loom
12:19 Feudal Age
12:58 Feudal Age
17:41 Castle Age
16:51 Forging
16:34 Fletching
19:05 Bodkin Arrow
20:10 Wheelbarrow
19:29 Double-Bit Axe
28:49 Bow Saw
30:05 Forging
32:01 Horse Collar
36:34 Imperial Age
34:35 Scale Mail Armor
36:15 Iron Casting
38:04 Conscription
38:55 Chemistry
39:30 Ballistics
39:46 Arson
39:28 Elite Varangian Guard
NickyCash
11:46 Feudal Age
10:02 Loom
16:24 Castle Age
14:53 Horse Collar
15:03 Double-Bit Axe
15:32 Gold Mining
16:20 Stone Mining
31:11 Imperial Age
29:15 Murder Holes
30:02 Heavy Plow
30:41 Gold Shaft Mining
29:59 Town Watch
30:45 Bow Saw
32:25 Wheelbarrow
31:57 Town Patrol
32:23 Ballistas
32:39 Conscription
33:32 Chemistry
33:55 Hand Cart
34:26 Heavy Scorpion
35:21 Capped Ram
36:44 Siege Engineers
36:52 Masonry
37:03 Ballistics
38:20 Crop Rotation
38:10 Siege Ram
Connection lost

Rejoining the realm…

Still unreachable

The connection could not be restored.

Session expired

The server has moved on; the page needs a fresh start.